[Event "Early-Titled-Tuesday-Blitz-April-23-2024"]
[Site "Chess.com"]
[Date "2024.04.23"]
[Round "7"]
[White "Moultino06"]
[Black "mbojan"]
[Result "0-1"]
[WhiteElo "2755"]
[BlackElo "2924"]
[TimeControl "180+1"]
[EndTime "9:19:18 PDT"]
[Termination "mbojan won by resignation"]

1. d4 a6 2. e4 e6 3. Nf3 d5 4. e5 c5 5. c3 Bd7 6. h4 Qb6 7. a4 cxd4 8. cxd4 Nc6 9. Nc3 Nh6 10.
Bxh6 gxh6 11. Qd2 Na5 12. Rd1 Bb4 13. Qxh6 Bxa4 14. Ra1 Bc2 15. Qd2 Be4 16. Qd1 Rc8 17. Rc1 Nc6 18. Be2 Bxf3 19. Bxf3 Qxd4 20. Qxd4 Nxd4 21.
Bh5 Nb5 22. Ke2 Nxc3+ 23. bxc3 Rxc3 24. Rxc3 Bxc3 25. Rc1 Bxe5 26. f4 Bf6 27. Rc7 O-O 28.
Rxb7 Bxh4 29. Ra7 Kg7 30. Kf3 Bf6 31. Rxa6 Re8 32. g4 h6 33. Ke3 Re7 34. Ra8 Rc7 35. Kd3 Be7 36. Rb8 Bd6 37. Ke3 Rc3+ 38. Kd2 Bxf4+ 39. Kxc3 Bxb8 0-1

[Event "Early-Titled-Tuesday-Blitz-April-23-2024"]
[Site "Chess.com"]
[Date "2024.04.23"]
[Round "7"]
[White "Rsnr"]
[Black "jk13"]
[Result "1-0"]
[WhiteElo "2889"]
[BlackElo "2683"]
[TimeControl "180+1"]
[EndTime "9:19:18 PDT"]
[Termination "Rsnr won by resignation"]

1. d4 Nf6 2. c4 e6 3. Nf3 Bb4+ 4.
Nbd2 O-O 5. a3 Be7 6. e4 d5 7. e5 Nfd7 8. Bd3 c5 9. h4 g6 10.
O-O Nc6 11. Re1 cxd4 12. cxd5 Nc5 13. Bb1 exd5 14. b4 Ne6 15. g3 Ng7 16. Nb3 Bg4 17. b5 Na5 18. Nbxd4 Ne6 19. Qd3 Bc5 20. Bh6 Re8 21.
Nxe6 fxe6 22. Kg2 Qb6 23. Ra2 Bf5 24. Qe2 Bxb1 25. Rxb1 Nc4 26. h5 Qc7 27. hxg6 hxg6 28. Rh1 Qf7 29. Bf4 Bf8 30. Ng5 Qf5 31. Qf3 Bg7 32. g4 Qf8 33. Qg3 Rac8 34. Re2 d4 35. Re4 Rcd8 36. Qh4 Qxa3 37. Qh7+ Kf8 38. Qxg6 Qe7 39.
Nh7+ Kg8 40. Nf6+ Kf8 41. Rh8+ 1-0

[Event "Early-Titled-Tuesday-Blitz-April-23-2024"]
[Site "Chess.com"]
[Date "2024.04.23"]
[Round "7"]
[White "The_Machine04"]
[Black "m_ezat"]
[Result "0-1"]
[WhiteElo "2745"]
[BlackElo "2628"]
[TimeControl "180+1"]
[EndTime "9:19:19 PDT"]
[Termination "m_ezat won on time"]

1. d4 Nf6 2. Nf3 g6 3. Nbd2 d5 4. e3 Bg7 5. b4 O-O 6. c4 a5 7. b5 c5 8. dxc5 Nbd7 9. Ba3 Qc7 10. Rc1 Nxc5 11. cxd5 b6 12. Bxc5 bxc5 13. e4 e6 14. dxe6 Bxe6 15. Bc4 Bxc4 16. Rxc4 Rad8 17. Qc2 Qb7 18.
a4 Rfe8 19. O-O Bf8 20. Qc3 Nxe4 21. Nxe4 Rxe4 22. Rxe4 Qxe4 23. Qxa5 Ra8 24. Qc7 Rxa4 25. Re1 Qd5 26. Ne5 Re4 27. Nf3 Rxe1+ 28. Nxe1 Qe4 29. Kf1 Qc4+ 30. Kg1 Qxb5 31. g3 Qe2 32. Ng2 Qd1+ 0-1

[Event "Early-Titled-Tuesday-Blitz-April-23-2024"]
[Site "Chess.com"]
[Date "2024.04.23"]
[Round "7"]
[White "KorolDimitriy75"]
[Black "ragnaroek66"]
[Result "0-1"]
[WhiteElo "2330"]
[BlackElo "2530"]
[TimeControl "180+1"]
[EndTime "9:19:20 PDT"]
[Termination "ragnaroek66 won on time"]

1. d4 d5 2. c4 e6 3. Nc3 Bb4 4.
cxd5 exd5 5. Qc2 c6 6. Bf4 Nf6 7. e3 O-O 8. Bd3 Bg4 9. Ne2 Re8 10. O-O Bf8 11. Rae1 Bh5 12. f3 c5 13. Qd2 Nc6 14. Bb1 Bg6 15. Bxg6 hxg6 16. Bg3 g5 17. Bf2 Bd6 18. dxc5 Bxc5 19. Rd1 Qe7 20. Nxd5 Nxd5 21.
Qxd5 Bxe3 22. Nc3 Rad8 23. Qb3 Nd4 24. Qc4 b5 25. Qd3 Nxf3+ 26. gxf3 Rxd3 27. Rxd3 Bxf2+ 28. Rxf2 Qe1+ 29. Kg2 b4 30. Ne4 g4 31. Ng3 gxf3+ 32.
Rdxf3 f6 33. Nf5 Re3 34. Nxe3 a5 35. Nf5 Qe4 36. Ng3 Qg4 0-1

[Event "Early-Titled-Tuesday-Blitz-April-23-2024"]
[Site "Chess.com"]
[Date "2024.04.23"]
[Round "7"]
[White "luckyswitchback"]
[Black "DrVelja"]
[Result "0-1"]
[WhiteElo "2720"]
[BlackElo "2987"]
[TimeControl "180+1"]
[EndTime "9:19:21 PDT"]
[Termination "DrVelja won by resignation"]

1. e4 c5 2. Nf3 Nc6 3. Bb5 e6 4. O-O Nge7 5. Re1 Nd4 6. Nxd4 cxd4 7. c3 a6 8. Bd3 Nc6 9. b4 Bd6 10. Bb2 dxc3 11. dxc3 Qc7 12. h3 O-O 13. Nd2 b6 14.
Nc4 Be7 15. e5 b5 16. Nd6 Nxe5 17. Nxc8 Raxc8 18. Bxh7+ Kxh7 19. Qh5+ Kg8 20. Rxe5 g6 21.
Qe2 d5 22. a4 Bf6 23. Re3 Qb7 24. axb5 axb5 25. Rf3 Bg7 26. h4 Rc4 27. h5 gxh5 28.
Rh3 h4 29. Qh5 Qe7 30. Ra5 Rb8 31. g4 d4 32. Rxh4 dxc3 33. Bc1 c2 34. Qh7+ Kf8 35.
Ra3 Qxb4 36. Bh6 c1=Q+ 37. Bxc1 Rxc1+ 38. Kg2 Qxa3 39. Qe4 0-1

[Event "Early-Titled-Tuesday-Blitz-April-23-2024"]
[Site "Chess.com"]
[Date "2024.04.23"]
[Round "7"]
[White "NikitaShnadrygin"]
[Black "superchess02"]
[Result "0-1"]
[WhiteElo "2692"]
[BlackElo "2893"]
[TimeControl "180+1"]
[EndTime "9:19:21 PDT"]
[Termination "superchess02 won by resignation"]

1. e4 c5 2. Nf3 d6 3. Bb5+ Nd7 4. O-O a6 5. Bxd7+ Bxd7 6. d4 cxd4 7. Nxd4 Nf6 8. Re1 Rc8 9. Nc3 e6 10. a4 Be7 11. Nb3 O-O 12. Bf4 Qb6 13. Qd2 Rfd8 14. a5 Qc6 15. Be3 Nxe4 16. Nxe4 Qxe4 17. Bb6 Qxc2 18. Bxd8 Qxd2 19. Nxd2 Bxd8 20. Ne4 d5 21. Nd6 Rb8 22. b4 Bc7 23. Ne4 dxe4 24. Rxe4 Bc6 25. Rc4 Be5 26. Re1 Rd8 27. f3 Bd4+ 28. Kh1 e5 29.
Rc2 f6 30. h3 Kf7 31. Rec1 h5 32. Rxc6 bxc6 33. Rxc6 Rb8 34. Rxa6 0-1

[Event "Early-Titled-Tuesday-Blitz-April-23-2024"]
[Site "Chess.com"]
[Date "2024.04.23"]
[Round "7"]
[White "HamedWafa4"]
[Black "Attacker_2006"]
[Result "1-0"]
[WhiteElo "2734"]
[BlackElo "2562"]
[TimeControl "180+1"]
[EndTime "9:19:23 PDT"]
[Termination "HamedWafa4 won by checkmate"]

1. e4 c5 2. Nc3 Nc6 3. Nf3 Nf6 4.
Bb5 Qc7 5. O-O e5 6. d3 d6 7. Bg5 Be6 8. Bxf6 gxf6 9. Nh4 O-O-O 10. Bc4 Ne7 11. Qf3 Bg7 12. Nf5 Rhg8 13. Nxg7 Rxg7 14. Qxf6 Rg6 15. Qh4 Rdg8 16. g3 f5 17. Qxh7 Bxc4 18. dxc4 f4 19. Rad1 a6 20. Qf7 Qd7 21. Nd5 Nxd5 22.
Qxd7+ Kxd7 23. Rxd5 Rh8 24. Rfd1 Kc7 25. Kg2 Rgh6 26.
h4 Rg8 27. Kh3 Rhg6 28. R1d3 R8g7 29. a3 b6 30. b4 Kc6 31. c3 Kc7 32. a4 a5 33. b5 Rh7 34. Rf3 Rhg7 35. Rd1 Rf7 36. Rg1 Rfg7 37. g4 Kd7 38. g5 Ke6 39. Rd3 Rg8 40. f3 Kf7 41. Rgd1 Ke7 42. Kg4 R6g7 43. Rxd6 Rh8 44. Rd7+ Ke6 45. R1d6# 1-0

[Event "Early-Titled-Tuesday-Blitz-April-23-2024"]
[Site "Chess.com"]
[Date "2024.04.23"]
[Round "7"]
[White "zverr1"]
[Black "manitodeplomo"]
[Result "0-1"]
[WhiteElo "2483"]
[BlackElo "2627"]
[TimeControl "180+1"]
[EndTime "9:19:23 PDT"]
[Termination "manitodeplomo won on time"]

1. e4 Nf6 2. Nc3 c5 3. e5 Ng8 4. Nf3 Nc6 5. Bb5 Na5 6. O-O a6 7. Bc4 Nxc4 8. b3 Na5 9. a4 Nc6 10. d4 cxd4 11. Nxd4 Nxe5 12. f4 Nc6 13. Be3 Nf6 14. g4 d5 15. g5 Ne4 16. Nxe4 dxe4 17. f5 Nxd4 18. Bxd4 e5 19. Bxe5 Qxg5+ 20. Kh1 Bxf5 21.
Qd5 Be7 22. Rg1 Qh5 23. Rxg7 Rd8 24. Qc4 Qf3+ 25. Kg1 Be6 26. Qc7 Rc8 27. Qxb7 Bc5+ 0-1

[Event "Early-Titled-Tuesday-Blitz-April-23-2024"]
[Site "Chess.com"]
[Date "2024.04.23"]
[Round "7"]
[White "Nemegejas"]
[Black "ravengelic"]
[Result "0-1"]
[WhiteElo "2805"]
[BlackElo "2677"]
[TimeControl "180+1"]
[EndTime "9:19:24 PDT"]
[Termination "ravengelic won by resignation"]

1. d4 Nf6 2. Nf3 g6 3. Nc3 d5 4. Bf4 c6 5. h4 Qb6 6. Rb1 Bg4 7. Ne5 Nbd7 8. Nxg4 Nxg4 9. h5 e5 10. hxg6 exf4 11. gxf7+ Kxf7 12. e4 h5 13. Be2 Bg7 14. exd5 Qxd4 15. O-O Qxd1 16. Rfxd1 c5 17. Ne4 Bd4 18. c3 Be5 19. b4 cxb4 20. Rxb4 b6 21. Ng5+ Kg6 22. Ne6 Rac8 23. Ra4 a5 24. Nxf4+ Bxf4 25. Rxf4 Rxc3 26. Bxg4 hxg4 27. Rxg4+ Kf6 28. Re4 Nc5 29.
Re2 Rd8 30. d6 Rd3 31. Red2 R8xd6 32. Rxd3 Rxd3 33. Rb1 Rd6 34. Kh2 Ne4 35. f3 Nc3 36. Rb2 b5 37. a3 Rb6 38. g4 b4 39. axb4 axb4 40. Rb3 Ne2 41. f4 Nxf4 0-1

[Event "Early-Titled-Tuesday-Blitz-April-23-2024"]
[Site "Chess.com"]
[Date "2024.04.23"]
[Round "7"]
[White "doctorcristian"]
[Black "NMChessToImpress"]
[Result "1-0"]
[WhiteElo "2575"]
[BlackElo "2226"]
[TimeControl "180+1"]
[EndTime "9:19:24 PDT"]
[Termination "doctorcristian won by resignation"]

1. d4 e6 2. e4 d5 3. Nc3 Bb4 4.
exd5 exd5 5. Bd3 Nf6 6. Bg5 O-O 7.
Ne2 c6 8. f3 Re8 9. Qd2 Nbd7 10. g4 b5 11. O-O Be7 12. h4 Nf8 13. Ng3 h6 14. Be3 Qc7 15. Bf4 Bd6 16. Nce2 Ng6 17.
Bxd6 Qxd6 18. h5 Nf8 19. c3 N8h7 20. Qf4 Qxf4 21. Nxf4 Ng5 22. Kf2 Bd7 23. Rfe1 Ne6 24. Ng2 Ng5 25. Nf4 Ne6 26. Nge2 Re7 27. Nxe6 Bxe6 28.
Nf4 Rae8 29. Re2 Bd7 30. Rae1 Rxe2+ 31. Rxe2 Rxe2+ 32. Bxe2 Kf8 33. Nd3 Ke7 34. Ne5 Be8 35. Ke3 Kd6 36. f4 Nd7 37. Nd3 Nb6 38. b3 a5 39. g5 a4 40. Ne5 axb3 41. axb3 Nd7 42.
Ng4 hxg5 43. fxg5 Ke6 44. Bd3 Nf8 45. h6 gxh6 46. gxh6 f5 47. Ne5 Kf6 48. Kf4 Ng6+ 49. Nxg6 Kxg6 50. Bxf5+ Kxh6 51. Ke5 Kg5 52. Bc8 Kh4 53. Kd6 Kg3 54. Bb7 Kf2 55. Bxc6 Bxc6 56. Kxc6 Ke3 57. Kxb5 Kd3 58. Kc5 Kxc3 59. b4 Kd3 60. b5 Ke4 61. b6 1-0

[Event "Early-Titled-Tuesday-Blitz-April-23-2024"]
[Site "Chess.com"]
[Date "2024.04.23"]
[Round "7"]
[White "Firouzja2003"]
[Black "Keranke"]
[Result "1-0"]
[WhiteElo "3071"]
[BlackElo "2862"]
[TimeControl "180+1"]
[EndTime "9:19:25 PDT"]
[Termination "Firouzja2003 won on time"]

1. e4 d5 2. exd5 Qxd5 3. Nc3 Qd6 4. d4 Nf6 5. Nf3 a6 6. g3 Nc6 7. Bf4 Qb4 8. a3 Qb6 9. d5 Nb8 10. Bg2 Qxb2 11. Be5 Nbd7 12. Bd4 c5 13. dxc6 bxc6 14.
Ne5 Nxe5 15. Bxe5 Bd7 16. O-O Qb6 17. Rb1 Qa5 18. Re1 e6 19. Rb7 Nd5 20. Ne4 Bc8 21.
Rb3 f6 22. Bb2 Be7 23. c4 Nc7 24. Bc3 Qa4 25. Bb4 Rb8 26. Nc3 Qxb3 27. Qxb3 c5 28. Nb5 axb5 29. Ba5 Bd8 30. cxb5 O-O 31. b6 1-0

[Event "Early-Titled-Tuesday-Blitz-April-23-2024"]
[Site "Chess.com"]
[Date "2024.04.23"]
[Round "7"]
[White "FischerKasparow"]
[Black "Chernov_Alexander_A"]
[Result "0-1"]
[WhiteElo "2110"]
[BlackElo "2264"]
[TimeControl "180+1"]
[EndTime "9:19:25 PDT"]
[Termination "Chernov_Alexander_A won by checkmate"]

1. e4 d6 2. d4 Nf6 3. Nc3 Nbd7 4. Nf3 e5 5. Bc4 Be7 6. O-O O-O 7. a4 c6 8. h3 Qc7 9. Bb3 exd4 10. Nxd4 Ne5 11. f4 Ng6 12. Qf3 Bd7 13. Be3 Rad8 14. Rae1 Bc8 15. g4 Nd7 16. g5 Nc5 17. Ba2 Kh8 18. Bf2 f5 19. exf5 Bxf5 20. Nxf5 Rxf5 21. Bxc5 dxc5 22. Qg4 Rdf8 23. Re4 Bxg5 24. Rfe1 Bxf4 25. Re8 Rg5 26. Rxf8+ Nxf8 27. Re8 Rxg4+ 28. hxg4 Bd6 29. Ne4 Qd7 30. Nxd6 Qxd6 31. Kg2 g6 32. c3 Kg7 33.
Kf3 Nd7 34. Rg8+ Kh6 35. Re8 Qf6+ 36. Kg3 Ne5 37. Re6 Qf3+ 38. Kh2 Nxg4+ 39. Kg1 Qf2+ 40. Kh1 Qf1# 0-1

[Event "Early-Titled-Tuesday-Blitz-April-23-2024"]
[Site "Chess.com"]
[Date "2024.04.23"]
[Round "7"]
[White "Zohid6"]
[Black "K_A_S_T_O_R"]
[Result "0-1"]
[WhiteElo "2946"]
[BlackElo "2865"]
[TimeControl "180+1"]
[EndTime "9:19:26 PDT"]
[Termination "K_A_S_T_O_R won by resignation"]

1. e4 e6 2. d4 d5 3. Nc3 Bb4 4. e5 c5 5. a3 Bxc3+ 6. bxc3 Ne7 7. Qg4 Kf8 8. Bd3 Qa5 9. Bd2 Qa4 10. Nf3 c4 11. Be2 Qxc2 12. O-O Nbc6 13. Rac1 Qf5 14.
Qg3 h6 15. Rfe1 Qg6 16. Qh3 Nf5 17. Kh1 h5 18. Ng5 Kg8 19. Bf3 Bd7 20. Bf4 Rd8 21. Re2 b6 22. Rg1 Bc8 23. g3 f6 24. exf6 gxf6 25. Nxe6 Ng7 26. Rge1 Nxe6 27. Rxe6 Ne7 28. Bd6 Rxd6 29. Rxd6 Bxh3 30. Rd7 Rh7 31. a4 Qf5 32.
Rd8+ Kf7 33. Bg2 Bxg2+ 34. Kxg2 h4 35. Re3 hxg3 36. hxg3 Qh3+ 37. Kf3 Qh5+ 38. g4 Qh3+ 39. Ke2 Qxg4+ 40. Kd2 Qf4 0-1

[Event "Early-Titled-Tuesday-Blitz-April-23-2024"]
[Site "Chess.com"]
[Date "2024.04.23"]
[Round "7"]
[White "DamianoLew95"]
[Black "kecalk"]
[Result "1-0"]
[WhiteElo "2785"]
[BlackElo "2521"]
[TimeControl "180+1"]
[EndTime "9:19:27 PDT"]
[Termination "DamianoLew95 won by resignation"]

1. e4 e5 2. Nf3 d6 3. d4 exd4 4. Nxd4 Nf6 5. Nc3 Be7 6. g3 O-O 7. Bg2 Re8 8. O-O Bf8 9. Re1 Nbd7 10. h3 c6 11. Bf4 Ne5 12. Qe2 Bd7 13. Rad1 b5 14. a3 a5 15. Bc1 g6 16. Nf3 Nxf3+ 17. Qxf3 b4 18. Nb1 Re6 19. Nd2 bxa3 20. bxa3 c5 21. e5 Rc8 22. exf6 Rxf6 23. Qd3 Bf5 24. Ne4 Re6 25. g4 Bxe4 26. Rxe4 Qd7 27. Bb2 Be7 28. Rxe6 fxe6 29. Qc3 Bf8 30. Qh8+ Kf7 31. Qxh7+ Ke8 32. Qxg6+ Kd8 33. Re1 e5 34. Rd1 Rb8 35. Bxe5 Kc7 36. Bg3 Be7 37. Qd3 Rb6 38. Qc3 Kb8 39. Qxa5 Qa7 40. Qxa7+ Kxa7 41. h4 1-0

[Event "Early-Titled-Tuesday-Blitz-April-23-2024"]
[Site "Chess.com"]
[Date "2024.04.23"]
[Round "7"]
[White "Golubovsky"]
[Black "samidescalona2002"]
[Result "1-0"]
[WhiteElo "2521"]
[BlackElo "2715"]
[TimeControl "180+1"]
[EndTime "9:19:27 PDT"]
[Termination "Golubovsky won by resignation"]

1. c4 Nf6 2. Nc3 g6 3. e4 e5 4. Nf3 Bg7 5. g3 O-O 6. Bg2 d6 7. d4 Nc6 8. d5 Nd4 9. Be3 Bg4 10. h3 Bxf3 11. Bxf3 c5 12. dxc6 bxc6 13. O-O Rb8 14. b3 Qa5 15. Rc1 Nd7 16. Bg2 Nc5 17. f4 Bh6 18.
Qd2 Qc7 19. Bxd4 exd4 20. Qxd4 Bg7 21. Qd2 Rfd8 22. Rcd1 Qe7 23. Rfe1 h5 24. h4 a5 25.
Qc2 a4 26. Nxa4 Nxa4 27. bxa4 Rb2 28. Qd3 Rxa2 29. c5 Qa7 30. Qe3 Rxa4 31. e5 d5 32. e6 f5 33. e7 Re8 34. Qe6+ Kh7 35. Qxc6 Rxe7 36. Rxe7 Qxe7 37. Qxa4 1-0

[Event "Early-Titled-Tuesday-Blitz-April-23-2024"]
[Site "Chess.com"]
[Date "2024.04.23"]
[Round "7"]
[White "GlennTipton"]
[Black "Thebigsqueeze"]
[Result "1-0"]
[WhiteElo "2496"]
[BlackElo "2313"]
[TimeControl "180+1"]
[EndTime "9:19:28 PDT"]
[Termination "GlennTipton won by resignation"]

1. e4 e6 2. d4 d5 3. Nc3 Nf6 4. e5 Nfd7 5. f4 c5 6. Nf3 Nc6 7. Be3 Qb6 8. a3 a6 9. Be2 cxd4 10.
Nxd4 Nxd4 11. Bxd4 Bc5 12. Na4 Qa5+ 13. c3 Bxd4 14.
Qxd4 O-O 15. O-O b5 16. Nc5 Qb6 17. Nxd7 Qxd4+ 18. cxd4 Bxd7 19. Rfc1 Rfc8 20. Kf2 Kf8 21. Ke3 Ke7 22. Rc5 Rxc5 23. dxc5 Rb8 24. Rc1 Bc6 25. b3 f6 26. Kd4 fxe5+ 27. Kxe5 Rf8 28. g4 g6 29. b4 h5 30. h3 hxg4 31. hxg4 Rh8 32. Bd3 Rh4 33. Rg1 Kf7 34. a4 Rh3 35. axb5 axb5 36. Kd6 Be8 37. Rd1 Rf3 38. c6 Bxc6 39.
Kxc6 Rxf4 40. Kxb5 Rxg4 41. Kc5 Ke7 42. b5 Kd7 43. b6 Rg2 44. Bb5+ Kc8 45. Ba6+ Kb8 46. Rf1 Rc2+ 47. Kd6 1-0

[Event "Early-Titled-Tuesday-Blitz-April-23-2024"]
[Site "Chess.com"]
[Date "2024.04.23"]
[Round "7"]
[White "dvglko"]
[Black "EdmundPlayer"]
[Result "1-0"]
[WhiteElo "2440"]
[BlackElo "2266"]
[TimeControl "180+1"]
[EndTime "9:19:28 PDT"]
[Termination "dvglko won by checkmate"]

1. Nf3 Nf6 2. b3 b6 3. Bb2 Bb7 4. c4 d6 5. d4 Nbd7 6. Nbd2 Ne4 7. d5 Nxd2 8. Qxd2 Nf6 9. e3 e5 10. dxe6 fxe6 11. Nd4 Qd7 12. f3 e5 13. Nb5 Be7 14.
Bd3 e4 15. Be2 exf3 16. Bxf3 Bxf3 17. gxf3 a6 18. Nd4 O-O 19. O-O-O Rf7 20. e4 a5 21. a4 Nh5 22. Nf5 Bf6 23. Qd5 Re8 24. Nh6+ gxh6 25.
Qxh5 Bxb2+ 26. Kxb2 Rxf3 27. Rhg1+ Kh8 28. Qxf3 Qe7 29. Rdf1 Qe5+ 30. Qc3 Re7 31. Rf8# 1-0

[Event "Early-Titled-Tuesday-Blitz-April-23-2024"]
[Site "Chess.com"]
[Date "2024.04.23"]
[Round "7"]
[White "MaxLeto"]
[Black "Sofia_Blokhin"]
[Result "0-1"]
[WhiteElo "2420"]
[BlackElo "2269"]
[TimeControl "180+1"]
[EndTime "9:19:30 PDT"]
[Termination "Sofia_Blokhin won on time"]

1. h3 d5 2. g3 e5 3. f3 Nf6 4.
e3 c5 5. d3 Bd6 6. c3 O-O 7.
b3 Nc6 8. a3 b5 9. Ne2 a5 10.
Bg2 e4 11. dxe4 dxe4 12. f4 Be6 13. Nd2 a4 14. bxa4 bxa4 15. Qc2 Re8 16. c4 h6 17. Bb2 Na5 18. O-O Bd7 19. Bxf6 Qxf6 20. Nxe4 Qg6 21.
Rad1 Ra6 22. Qc3 Rxe4 23. Bxe4 Qxe4 24. Rxd6 Rxd6 25. Qxa5 Qxe3+ 26. Rf2 Rd1+ 27. Kg2 Bc6+ 0-1

[Event "Early-Titled-Tuesday-Blitz-April-23-2024"]
[Site "Chess.com"]
[Date "2024.04.23"]
[Round "7"]
[White "carloseduar100"]
[Black "maurovargas01"]
[Result "1-0"]
[WhiteElo "2212"]
[BlackElo "1884"]
[TimeControl "180+1"]
[EndTime "9:19:30 PDT"]
[Termination "carloseduar100 won by resignation"]

1. d4 Nf6 2. Bg5 h6 3. Bxf6 exf6 4. e3 c6 5. Nd2 d5 6. Bd3 Bd6 7. Ne2 Nd7 8. a3 O-O 9. b4 Re8 10. O-O Nf8 11. c4 Be6 12. cxd5 Bxd5 13. e4 Be6 14. f4 Rc8 15. Kh1 Bb8 16. Rc1 g5 17. Qe1 Qc7 18.
Nf3 gxf4 19. Qh4 Kg7 20. e5 fxe5 21. Nxe5 Nh7 22. Nxf4 Bd5 23. Nh5+ Kh8 24. Bxh7 Kxh7 25. Nf6+ Kg7 26. Nxd5 Rxe5 27. Nxc7 Rg5 28. d5 Bxc7 29. dxc6 Bd8 30. cxb7 Rb8 31. Qd4+ Bf6 32. Qxf6+ 1-0

[Event "Early-Titled-Tuesday-Blitz-April-23-2024"]
[Site "Chess.com"]
[Date "2024.04.23"]
[Round "7"]
[White "Mikhail_Golubev"]
[Black "ilqar_74"]
[Result "0-1"]
[WhiteElo "2593"]
[BlackElo "2758"]
[TimeControl "180+1"]
[EndTime "9:19:33 PDT"]
[Termination "ilqar_74 won by checkmate"]

1. e4 c5 2. Nf3 d6 3. d4 cxd4 4. Nxd4 Nf6 5. Nc3 e5 6. Nf5 Nxe4 7. Nxg7+ Bxg7 8. Nxe4 d5 9. Bg5 Qa5+ 10. Qd2 Qxd2+ 11.
Nxd2 Nc6 12. O-O-O f6 13. Bh4 Be6 14. g3 Kf7 15.
Bg2 Rhd8 16. h3 Rd7 17. f4 e4 18. g4 f5 19. gxf5 Bxf5 20. Nf1 d4 21. Ng3 Be6 22.
Nxe4 Bxa2 23. Nc5 Rc7 24. b3 Nb4 25. Be1 Nxc2 26. Kxc2 Rxc5+ 27. Kb2 d3+ 28. Ka3 Bf8 29. b4 Rc2 30. Be4 a5 31. Ka4 Bc4 32. bxa5 b5# 0-1

[Event "Early-Titled-Tuesday-Blitz-April-23-2024"]
[Site "Chess.com"]
[Date "2024.04.23"]
[Round "7"]
[White "esrosenberg"]
[Black "Payyappat"]
[Result "0-1"]
[WhiteElo "2322"]
[BlackElo "2520"]
[TimeControl "180+1"]
[EndTime "9:19:33 PDT"]
[Termination "Payyappat won on time"]

1. e4 c6 2. Nf3 d5 3. d3 Bg4 4.
h3 Bxf3 5. Qxf3 e5 6. g3 Nf6 7. Bg2 Bd6 8. O-O O-O 9. Nd2 Nbd7 10. Re1 Re8 11. a4 Qb6 12. a5 Qc7 13. c3 b6 14.
b4 bxa5 15. bxa5 Rab8 16. d4 Rb5 17. a6 Qb6 18. c4 Qxd4 19. cxb5 Qxa1 20. bxc6 Nb6 21.
exd5 e4 22. Nxe4 Rxe4 23. Rf1 Qxa6 24. Bb2 Nbxd5 25. Ra1 Qxc6 26. Rxa7 Re8 27. Bxf6 Qc1+ 28. Kh2 Nxf6 29. Qb3 Rf8 30. Bf3 Qe1 31. Kg2 Bc5 32. Ra2 h6 33. Re2 Qb4 34. Qd3 Qd4 35. Qf5 Bb6 36. g4 Nh7 0-1

[Event "Early-Titled-Tuesday-Blitz-April-23-2024"]
[Site "Chess.com"]
[Date "2024.04.23"]
[Round "7"]
[White "AccioChess"]
[Black "chess_sharparchitect"]
[Result "1-0"]
[WhiteElo "2439"]
[BlackElo "2229"]
[TimeControl "180+1"]
[EndTime "9:19:33 PDT"]
[Termination "AccioChess won on time"]

1. e4 c5 2. Nf3 d6 3. c3 Nf6 4. Be2 e6 5. O-O Be7 6. Re1 O-O 7. Bf1 e5 8. a4 Nc6 9. Na3 Re8 10. Bc4 Be6 11. d3 d5 12. exd5 Bxd5 13. Nxe5 Nxe5 14. Rxe5 Bc6 15. Qb3 Rf8 16. Bg5 Bd6 17. Bxf6 Qxf6 18. Re3 Qg5 19. g3 Qh5 20. Rae1 Qh3 21. Bd5 Bxd5 22.
Qxd5 Rad8 23. Qxb7 Rb8 24. Qd5 Rbd8 25. Qf3 h5 26. Nc4 Bc7 27. Re7 Bb8 28. R1e4 Qc8 29. Qxh5 g6 30. Qh6 Rxd3 31. Rh4 Rd1+ 32. Kg2 Qc6+ 33.
Ree4 1-0

[Event "Early-Titled-Tuesday-Blitz-April-23-2024"]
[Site "Chess.com"]
[Date "2024.04.23"]
[Round "7"]
[White "LionelMessiFCB"]
[Black "Silent-Killer100"]
[Result "1-0"]
[WhiteElo "2485"]
[BlackElo "2598"]
[TimeControl "180+1"]
[EndTime "9:19:34 PDT"]
[Termination "LionelMessiFCB won by resignation"]

1. e4 c5 2. Nf3 d6 3. d4 cxd4 4. Nxd4 Nf6 5. Nc3 a6 6. Bg5 e6 7.
f4 Nbd7 8. Qe2 Be7 9. e5 dxe5 10. fxe5 Nd5 11. Bxe7 Nxe7 12. O-O-O Qa5 13. Nb3 Qc7 14. Ne4 Qxe5 15. Nd6+ Kf8 16. Nxc8 Qxe2 17. Bxe2 Nf6 18. Nb6 Rb8 19. Rhf1 Nc6 20. Nc5 Ke7 21. Ncd7 Rbd8 22.
Nxf6 gxf6 23. c3 Ne5 24. Bf3 Rhg8 25. Rxd8 Kxd8 26. a4 Kc7 27. a5 Nxf3 28. Rxf3 Rxg2 29. Rxf6 Rxh2 30. Rxf7+ Kc6 31. Re7 Rh5 32. Rxe6+ Kb5 33. Kc2 Kxa5 34. b4+ Kb5 35. Kb3 a5 36. c4+ Ka6 37.
Nc8+ 1-0

[Event "Early-Titled-Tuesday-Blitz-April-23-2024"]
[Site "Chess.com"]
[Date "2024.04.23"]
[Round "7"]
[White "vedantgoswami"]
[Black "Barmen_EV"]
[Result "1-0"]
[WhiteElo "2362"]
[BlackElo "2533"]
[TimeControl "180+1"]
[EndTime "9:19:37 PDT"]
[Termination "vedantgoswami won by checkmate"]

1. b3 a5 2. a3 a4 3. b4 e5 4. Bb2 d6 5. c4 Nf6 6. e3 Be7 7.
Nf3 O-O 8. d4 e4 9. Nfd2 Bf5 10.
Nc3 c6 11. Nxa4 Nbd7 12. Nc3 Re8 13. Be2 Bf8 14. g4 Bg6 15. h4 h5 16. gxh5 Bf5 17. Rg1 Kh7 18. Qc2 c5 19. bxc5 dxc5 20. d5 Ne5 21. Rg5 Qd7 22. Ncxe4 Nxe4 23. Nxe4 Kh8 24. h6 f6 25. hxg7+ Bxg7 26. Rh5+ Bh7 27. Nxc5 Bh6 28. Rxh6 Qg7 29. Rh5 Kg8 30. Rxh7 Qxh7 31. Qxh7+ Kxh7 32. Ne6 Rg8 33. Bxe5 fxe5 34. Bd3+ Kh6 35. Ke2 Rg2 36.
d6 e4 37. Bxe4 Rh2 38. d7 Rxh4 39. f4 Rh2+ 40. Kd3 b5 41. c5 b4 42. d8=Q Rxd8+ 43. Nxd8 b3 44. Rb1 b2 45. c6 Re2 46. Kxe2 Kg7 47.
Rxb2 Kf6 48. c7 Ke7 49. c8=Q Kf8 50. Rb7 Kg8 51. Nc6# 1-0

[Event "Early-Titled-Tuesday-Blitz-April-23-2024"]
[Site "Chess.com"]
[Date "2024.04.23"]
[Round "7"]
[White "Slovineanu"]
[Black "AlexTruskavetsky"]
[Result "0-1"]
[WhiteElo "2497"]
[BlackElo "2686"]
[TimeControl "180+1"]
[EndTime "9:19:38 PDT"]
[Termination "AlexTruskavetsky won by resignation"]

1. d4 Nf6 2. Nf3 g6 3. Nbd2 Bg7 4.
e4 d6 5. Bb5+ c6 6. Bd3 O-O 7.
O-O Nbd7 8. Re1 e5 9. dxe5 dxe5 10. a4 Qc7 11. b3 Rd8 12. Qe2 Nc5 13. Bc4 Nh5 14.
g3 Ne6 15. Bxe6 Bxe6 16. Bb2 Rab8 17. Nc4 f6 18. Red1 Bf8 19. a5 b5 20. axb6 axb6 21. Bc3 Ng7 22. Bd2 Rd7 23. Be3 b5 24. Rxd7 Bxd7 25. Ncd2 Bg4 26. Kg2 Qd7 27. Ra7 Rb7 28. Rxb7 Qxb7 29. h3 Be6 30. Qd3 Ne8 31. c3 Qd7 32.
Qxd7 Bxd7 33. b4 Be6 34. h4 Kf7 35. Ne1 h5 36. Nd3 Nc7 37. Bc5 Bh6 38. f4 exf4 39.
gxf4 Ba2 40. Kf3 Ne6 41. Bd6 g5 42. hxg5 fxg5 43. f5 g4+ 44. Kg3 Bxd2 45. Ne5+ Kf6 46. Nd7+ Kg5 47. fxe6 h4+ 48. Kg2 Bxe6 49. Be7+ Kf4 50.
Nc5 h3+ 51. Kh2 g3+ 52. Kg1 Be3+ 0-1

[Event "Early-Titled-Tuesday-Blitz-April-23-2024"]
[Site "Chess.com"]
[Date "2024.04.23"]
[Round "7"]
[White "Fantastic_Power"]
[Black "GlavkonVVS"]
[Result "0-1"]
[WhiteElo "2736"]
[BlackElo "2623"]
[TimeControl "180+1"]
[EndTime "9:19:39 PDT"]
[Termination "GlavkonVVS won by checkmate"]

1. e4 Nf6 2. e5 Nd5 3. d4 d6 4. c4 Nb6 5. f4 dxe5 6. fxe5 c5 7. d5 g6 8. Nc3 Bg7 9. Bf4 O-O 10. Nf3 Bg4 11. h3 Bxf3 12. Qxf3 e6 13. O-O-O exd5 14. cxd5 N8d7 15. Qg3 Re8 16. e6 fxe6 17. dxe6 Rxe6 18. Be2 Qe7 19. Bg4 Rc6 20. Rhe1 Qf7 21. Bd6 Re8 22.
Rxe8+ Qxe8 23. Re1 Qd8 24. Bf3 Rxd6 25. Qxd6 Qg5+ 26.
Kc2 h5 27. Bxb7 Ne5 28. Be4 c4 29. a4 Qg3 30. Re2 Kh7 31. a5 Nbd7 32. Rd2 Nf6 33. Kb1 Qf4 34. Re2 Qg5 35. Bc2 Nfd7 36. Qe6 Nc5 37. Qd5 Ncd3 38. Rd2 Qxd2 39. Ne4 Qc1+ 40.
Ka2 Qxb2# 0-1